 Dungeon Crawl Stone Soup version 0.21.1-1-g345015fe64 (webtiles) character file.

8617 Delanovic the Covert (level 11, -6/52 HPs)
             Began as a Spriggan Enchanter on Apr 21, 2018.
             Was an Initiate of Gozag.
             Mangled by a death yak (19 damage)
             ... on level 10 of the Dungeon on Apr 22, 2018.
             The game lasted 00:44:52 (11992 turns).

Delanovic the Covert (Spriggan Enchanter)          Turns: 11992, Time: 00:44:53

Health: -6/52      AC:  3    Str:  9    XL:     11   Next: 12%
Magic:  0/25       EV: 22    Int: 20    God:    Gozag
Gold:   847        SH:  0    Dex: 17    Spells: 7/28 levels left

rFire    + . .     SeeInvis +   r - +4 rapier (flame)
rCold    + . .     Gourm    .   (shield restricted)
rNeg     . . .     Faith    .   F - +1 robe {rC+}
rPois    +         Spirit   +   m - +0 hat
rElec    .         Reflect  .   (no cloak)
rCorr    .         Harm     .   (gloves unavailable)
MR       +....                  (boots unavailable)
Stlth    ++++++....             v - amulet of guardian spirit
HPRegen  0.17/turn              l - +4 ring of slaying
MPRegen  0.19/turn              o - ring of protection from fire

@: mighty, very slightly contaminated, invisible, very quick
A: very small, unfitting armour, horns 1, see invisible, herbivore, speed 3,
poison resistance, slow metabolism 2
a: Potion Petition, Call Merchant, Bribe Branch, Renounce Religion


You were on level 10 of the Dungeon.
You worshipped Gozag.
Gozag was pleased with you.
You were not hungry.

You visited 1 branch of the dungeon, and saw 10 of its levels.
You also visited: Sewer and Ossuary.

You collected 1654 gold pieces.
You spent 742 gold pieces at shops.
You paid 65 gold pieces to Gozag.

Inventory:

Hand Weapons
 a - a +1 dagger
 r - a +4 rapier of flaming (weapon)
Armour
 m - a +0 hat (worn)
 F - a +1 robe of cold resistance (worn)
Jewellery
 i - an uncursed ring of teleportation
 l - a +4 ring of slaying (left hand)
 o - a ring of protection from fire (right hand)
 q - an uncursed ring of flight
 v - an amulet of guardian spirit (around neck)
Wands
 n - a wand of scattershot (8)
 J - a wand of flame (64)
Scrolls
 e - a scroll of fear
 f - 4 scrolls of remove curse
 u - 4 scrolls of teleportation
 x - 2 scrolls of fog
 y - a scroll of noise {unknown}
 C - a scroll of vulnerability
 I - a scroll of blinking
 K - a scroll of magic mapping
 L - 3 scrolls of identify
Potions
 b - 3 potions of brilliance
 g - a potion of berserk rage {unknown}
 h - 4 potions of lignification
 j - 3 potions of curing
 k - 3 potions of haste
 s - 6 potions of heal wounds
 w - 2 potions of invisibility
 z - a potion of degeneration {unknown}
 A - a potion of cancellation {unknown}
 B - 3 potions of agility
 D - a potion of mutation
 E - 2 potions of might
 G - a potion of magic
 M - a potion of flight {unknown}
Books
 c - a book of Maledictions

   Spells                             Type                      Level
   a - Corona                         Hexes                        1
   b - Ensorcelled Hibernation        Hexes/Ice                    2
   c - Confuse                        Hexes                        3
   d - Tukima's Dance                 Hexes                        3
   e - Dazzling Spray                 Conjuration/Hexes            3
 p - a book of Misfortune

   Spells                             Type                      Level
   a - Confusing Touch                Hexes                        1
   b - Confuse                        Hexes                        3
   c - Gell's Gravitas                Translocation                3
   d - Petrify                        Transmutation/Earth          4
   e - Metabolic Englaciation         Hexes/Ice                    5
   f - Yara's Violent Unravelling     Hexes/Transmutation          5
 H - a book of Enchantments

   Spells                             Type                      Level
   a - Cause Fear                     Hexes                        4
   b - Yara's Violent Unravelling     Hexes/Transmutation          5
   c - Silence                        Hexes/Air                    5
   d - Deflect Missiles               Charms/Air                   6
   e - Discord                        Hexes                        8
Comestibles
 d - 18 rations


   Skills:
 + Level 3.4 Fighting
 + Level 5.9 Short Blades
 + Level 3.0 Armour
 + Level 6.9 Dodging
 + Level 13.3 Stealth
 - Level 9.0 Spellcasting
 + Level 10.7 Hexes
 + Level 3.8 Air Magic


You had 7 spell levels left.
You knew the following spells:

 Your Spells              Type           Power        Failure   Level  Hunger
a - Corona                Hex            ######.      1%          1    None
b - Ensorcelled Hibernat  Hex/Ice        ####..       1%          2    None
c - Confuse               Hex            ######..     1%          3    None
d - Tukima's Dance        Hex            ######..     1%          3    None
e - Dazzling Spray        Conj/Hex       ####..       2%          3    None
f - Cause Fear            Hex            ######....   1%          4    ###....
g - Silence               Hex/Air        #####.....   11%         5    #####..


Dungeon Overview and Level Annotations

Branches:
Dungeon (10/15)            Temple (0/1) D:6            Lair (0/6) D:10
    Orc: D:9-12

Altars:
Ashenzari
Gozag
Hepliaklqana
Makhleb
Okawaru
Uskayaw
Zin

Shops:
D:5 [   D:6 :   D:7 }


Innate Abilities, Weirdness & Mutations

You are very small and have problems with some larger weapons.
You are too small for most types of armour.
You have supernaturally acute eyesight. (SInv)
You are a herbivore.
You cover ground extremely quickly.
You need consume almost no food.
You have a pair of small horns on your head.
Your system is resistant to poisons. (rPois)


Message History

The death yak gores you!
The death yak is no longer distracted by gold.
There is a stone staircase leading up here.
You climb upwards.
There is a stone staircase leading down here.
You start resting.
HP restored.
You feel very mighty all of a sudden.
You climb downwards.
The death yak gores you! x3
The death yak completely misses you. The death yak barely misses you.
There is a stone staircase leading up, spattered with blood here.
You fade into invisibility!
The death yak misses you. x3
You are very lightly contaminated with residual magic.
A crocodile comes into view.
You feel better. The death yak completely misses you. The death yak gores you!!
* * * LOW HITPOINT WARNING * * *
The death yak gores you!!
You die...
Your body crumbles into a pile of gold.

############
#Y@........#
#Y.Y.......#
.#..Y..>....#
#....Y(......#
###..........#
#....Y.....#
#..........#
#.......t..#
######.#####


You could see 6 death yaks and a crocodile (wandering).

Vanquished Creatures
  2 two-headed ogres
  A death yak (D:10)
  The ghost of Oravi the Slinger, a novice HaHu of Okawaru (D:8)
  Psyche (D:8)
  Grinder (D:5)
  A polar bear (D:9)
  A hornet (D:9)
  A hippogriff (D:9)
  3 yaks (D:9)
  Eustachio (D:4)
  A human (D:7)
  4 hogs (D:7)
  A hungry ghost (D:9)
  Menkaure (D:4)
  Purgy (Sewer)
  2 ogres
  A necrophage (D:8)
  2 phantoms
  An ice beast (D:5)
  A sky beast (D:9)
  A centaur (D:6)
  2 big kobolds
  2 bullfrogs
  2 water moccasin zombies
  7 scorpions
  4 killer bees (D:6)
  A water moccasin skeleton (D:6)
  3 howler monkeys
  2 electric eels (D:9)
  2 crimson imps
  4 orc priests
  3 hounds
  3 bullfrog zombies (Ossuary)
  2 jellies
  2 centaur skeletons (D:4)
  4 iguanas
  5 orc wizards
  2 bullfrog skeletons
  2 gnoll shamans
  11 mummies (Ossuary)
  5 worker ants
  2 killer bee zombies
  A hound skeleton (D:10)
  A howler monkey zombie (Ossuary)
  Robin (D:2)
  A worker ant zombie (Ossuary)
  15 gnolls
  16 adders
  2 white imps (D:9)
  An ufetubus (D:9)
  2 oozes
  2 adder skeletons
  An adder zombie (D:7)
  2 worms (D:3)
  2 dart slugs (D:1)
  2 adder simulacra (D:9)
  7 leopard geckos
  15 orcs
  4 ball pythons
  9 giant cockroaches
  14 goblins
  11 hobgoblins
  10 jackals
  5 quokkas
  12 bats
  3 frilled lizards
  A jackal skeleton (D:8)
  2 jackal zombies (Ossuary)
  18 kobolds
  3 leopard gecko zombies
  A quokka skeleton (D:4)
  2 quokka zombies (Ossuary)
  4 rats
269 creatures vanquished.

Vanquished Creatures (others)
  A dancing weapon (D:8)
  3 withered plants (Ossuary)
4 creatures vanquished.

Grand Total: 273 creatures vanquished

Notes
Turn   | Place    | Note
-------+----------+-------------------------------------------
     0 | D:1      | Delanovic the Spriggan Enchanter began the quest for the Orb.
     0 | D:1      | Reached XP level 1. HP: 9/9 MP: 5/5
   269 | D:1      | Reached XP level 2. HP: 11/13 MP: 7/7
   275 | D:1      | Learned a level 2 spell: Ensorcelled Hibernation
   549 | D:1      | Reached skill level 5 in Stealth
  1127 | D:1      | Reached XP level 3. HP: 16/16 MP: 5/8
  1132 | D:1      | Learned a level 3 spell: Confuse
  1425 | D:2      | Found a burning altar of Makhleb.
  1528 | D:2      | Found an iron altar of Okawaru.
  1609 | D:2      | Reached XP level 4. HP: 18/21 MP: 1/10
  1742 | D:2      | Found a shattered altar of Ashenzari.
  2076 | D:2      | Noticed Robin
  2125 | D:2      | Gained mutation: You have a pair of small horns on your head. [potion of mutation]
  2125 | D:2      | Gained mutation: Your system is resistant to poisons. (rPois) [potion of mutation]
  2596 | D:2      | Killed Robin
  2596 | D:2      | Reached skill level 6 in Stealth
  3058 | D:3      | Reached skill level 5 in Hexes
  3086 | D:3      | Learned a level 3 spell: Tukima's Dance
  3101 | D:3      | Reached XP level 5. HP: 24/24 MP: 6/12
  3125 | D:3      | Found a hide-covered altar of Uskayaw.
  4261 | D:4      | Noticed a phantom
  4338 | D:4      | Killed a phantom
  4338 | D:4      | Reached skill level 7 in Stealth
  4338 | D:4      | Reached skill level 5 in Spellcasting
  4338 | D:4      | Reached XP level 6. HP: 11/28 MP: 8/14
  4625 | D:4      | Reached skill level 8 in Stealth
  4625 | D:4      | Reached XP level 7. HP: 32/32 MP: 13/16
  4789 | D:4      | Noticed Menkaure
  4808 | D:4      | Killed Menkaure
  4905 | D:4      | Learned a level 3 spell: Dazzling Spray
  5069 | D:4      | Found a hazy altar of Hepliaklqana.
  5148 | D:4      | Noticed Eustachio
  5159 | D:4      | Killed Eustachio
  5159 | D:4      | Reached skill level 9 in Stealth
  5344 | D:4      | Found an opulent altar of Gozag.
  5563 | D:4      | Became a worshipper of Gozag Ym Sagoz the Greedy
  5604 | D:5      | Entered Level 5 of the Dungeon
  5716 | D:5      | Reached XP level 8. HP: 36/36 MP: 14/19
  5779 | D:5      | Found a sand-covered staircase.
  5824 | Ossuary  | Entered an ossuary
  5913 | Ossuary  | Reached skill level 10 in Stealth
  6530 | D:5      | Noticed Grinder
  6540 | D:5      | Killed Grinder
  6627 | D:5      | Found a glowing silver altar of Zin.
  6686 | D:5      | Found Leriumu's Antique Armour Shop.
  6698 | D:5      | Bought a glowing robe for 92 gold pieces
  6961 | D:6      | Reached skill level 11 in Stealth
  7141 | D:6      | Reached XP level 9. HP: 32/39 MP: 13/22
  7342 | D:6      | Found a glowing drain.
  7355 | Sewer    | Entered a sewer
  7400 | Sewer    | Noticed Purgy
  7407 | Sewer    | Killed Purgy
  7921 | D:6      | Found a staircase to the Ecumenical Temple.
  7964 | D:6      | Found Kiwoyvosk's Book Boutique.
  8437 | D:6      | Bought a book of Enchantments for 650 gold pieces
  8442 | D:6      | Learned a level 4 spell: Cause Fear
  8448 | D:6      | Learned a level 5 spell: Silence
  8518 | D:7      | Noticed a two-headed ogre
  8522 | D:7      | Killed a two-headed ogre
  8522 | D:7      | Reached skill level 1 in Fighting
  8522 | D:7      | Reached skill level 1 in Armour
  8522 | D:7      | Reached skill level 12 in Stealth
  8522 | D:7      | Reached skill level 1 in Air Magic
  8697 | D:7      | Reached XP level 10. HP: 33/46 MP: 6/24
  9173 | D:7      | Found Zej Fuah's Gadget Shop.
  9374 | D:8      | Reached skill level 10 in Hexes
  9493 | D:8      | Reached skill level 5 in Dodging
  9616 | D:8      | Noticed Psyche
  9620 | D:8      | Killed Psyche
  9645 | D:8      | Noticed a two-headed ogre
  9657 | D:8      | Killed a two-headed ogre
  9657 | D:8      | Reached skill level 5 in Short Blades
 10039 | D:8      | Noticed Oravi's ghost (novice HaHu)
 10053 | D:8      | Killed Oravi's ghost
 10685 | D:9      | Reached skill level 13 in Stealth
 11593 | D:9      | Reached XP level 11. HP: 52/52 MP: 21/25
 11793 | D:10     | Entered Level 10 of the Dungeon
 11817 | D:10     | Noticed a death yak
 11824 | D:10     | Found a staircase to the Lair.
 11825 | D:10     | Noticed a death yak
 11825 | D:10     | Noticed a death yak
 11826 | D:10     | Noticed a death yak
 11826 | D:10     | Noticed a death yak
 11827 | D:10     | Noticed a death yak
 11827 | D:10     | Noticed a death yak
 11843 | D:10     | Killed a death yak
 11992 | D:10     | Mangled by a death yak

Skill      XL: |  1  2  3  4  5  6  7  8  9 10 11 |
---------------+----------------------------------+-----
Spellcasting   | 3 4 5 6 8 9 |  9.0
Hexes          | 4 5 6 7 8 9 10 | 10.7
Stealth        | 5 6 7 8 9 11 12 13 | 13.3
Short Blades   | 4 5 |  5.9
Fighting       | 1 3 |  3.4
Armour         | 1 2 3 |  3.0
Dodging        | 4 6 |  6.9
Air Magic      | 2 3 |  3.8

Action                   |  1- 3 |  4- 6 |  7- 9 | 10-12 || total
-------------------------+-------+-------+-------+-------++-------
Melee: Dagger            |    91 |   106 |    24 |       ||   221
       Headbutt          |       |     5 |    23 |     8 ||    36
       Rapier            |       |       |   175 |   112 ||   287
 Cast: Corona            |     1 |       |       |       ||     1
       Ensorcelled Hiber |    24 |    54 |    60 |    54 ||   192
       Confuse           |       |    11 |    43 |    20 ||    74
       Dazzling Spray    |       |       |       |    24 ||    24
       Tukima's Dance    |       |       |       |     1 ||     1
  Use: Scroll            |     4 |     3 |    11 |     6 ||    24
       Potion            |       |     3 |       |     3 ||     6
 Stab: Sleeping          |    22 |    43 |    48 |    41 ||   154
       Distracted        |       |     1 |     1 |       ||     2
       Confused          |       |     3 |    21 |    13 ||    37
       Invisible         |       |       |       |     2 ||     2
  Eat: Ration            |       |     2 |     4 |     1 ||     7
Armor: Robe              |     8 |     8 |     9 |     9 ||    34
Dodge: Dodged            |    60 |    79 |   118 |    81 ||   338
